 Dungeon Crawl Stone Soup version 0.25.1-8-g42b30a86e7 (webtiles) character file.

Game seed: 8269048107351673471

17943 Clowwww the Severer (level 12, -1/107 HPs)
             Began as a Hill Orc Fighter on Dec 1, 2020.
             Was a Believer of Ashenzari.
             Slain by a human (6 damage)
             ... on level 13 of the Dungeon.
             The game lasted 00:32:34 (14942 turns).

Clowwww the Severer (Hill Orc Fighter)             Turns: 14942, Time: 00:32:34

Health: -1/107     AC: 18    Str: 28    XL:     12   Next: 53%
Magic:  12/12      EV: 13    Int:  8    God:    Ashenzari [**....]
Gold:   493        SH:  8    Dex: 10    Spells: 11/11 levels left

rFire    . . .     SeeInvis .   a - +3 war axe
rCold    + . .     Gourm    .   g - +2 buckler of Sin {rElec Str+4}
rNeg     + . .     Faith    .   k - +5 ring mail of Untruth {rC+ rN+ MR+ rCorr} (curse)
rPois    .         Spirit   .   (no helmet)
rElec    +         Reflect  .   t - +1 cloak
rCorr    +         Harm     .   (no gloves)
MR       +....                  (no boots)
Stlth    +.........             (no amulet)
HPRegen  0.27/turn              q - +4 ring of protection
MPRegen  0.13/turn              (no ring)

@: mighty
A: no striking features
a: Curse Item, Scrying, Renounce Religion


You were on level 13 of the Dungeon.
You worshipped Ashenzari.
Ashenzari was pleased with you.
You were not hungry.

You visited 1 branch of the dungeon, and saw 13 of its levels.

You collected 1382 gold pieces.
You spent 889 gold pieces at shops.

Inventory:

Hand Weapons
 a - a +3 war axe (weapon)
 h - a +3 antimagic flail
Armour
 c - a +0 kite shield
 g - the +2 buckler of Sin (worn) {rElec Str+4}
   (You bought it in a shop on level 10 of the Dungeon)

   It affects your strength (+4).
   It insulates you from electricity.
 k - the cursed +5 ring mail of Untruth (worn) {rC+ rN+ MR+ rCorr}
   (You bought it in a shop on level 10 of the Dungeon)

   It protects you from cold.
   It protects you from negative energy.
   It affects your resistance to hostile enchantments.
   It provides partial protection from all sources of acid and corrosion.
   It has a curse placed upon it.
 t - a +1 cloak (worn)
 x - a +1 chain mail of cold resistance
Jewellery
 q - a +4 ring of protection (left hand)
 C - an uncursed ring of protection from cold
Wands
 o - a wand of random effects (23)
 p - a wand of flame (20)
 r - a wand of iceblast (12)
 v - a wand of clouds (4)
 w - a wand of polymorph (14)
Scrolls
 b - a scroll of blinking
 e - a scroll of amnesia
 i - 2 scrolls of fog
 j - 6 scrolls of teleportation
 l - 4 scrolls of fear
Potions
 d - 2 potions of might
 m - 2 potions of flight
 n - 2 potions of haste
 s - 3 potions of curing
 u - 2 potions of stabbing
 z - 2 potions of resistance
 B - a potion of ambrosia
 D - a potion of heal wounds
Comestibles
 f - 22 rations
 A - 3 chunks of flesh


   Skills:
 + Level 10.4 Fighting
 + Level 16.1 Axes
 + Level 9.9 Armour
 + Level 4.3 Dodging
 + Level 1.7 Stealth
 + Level 9.6 Shields
 + Level 1.2 Evocations


You had 11 spell levels left.
You didn't know any spells.
Your spell library contained the following spells:

 Spells                   Type           Power        Failure   Level  Hunger
 Apportation              Tloc           #.....       52%         1    ##.....
 Beastly Appendage        Tmut           #.....       52%         1    ##.....
 Sting                    Tmut/Pois      #...         52%         1    ##.....
 Summon Butterflies       Summ           #.......     52%         1    ##.....
 Summon Small Mammal      Summ           #...         52%         1    ##.....
 Call Imp                 Summ           #.......     65%         2    ###....
 Poisonous Vapours        Pois/Air       #.....       65%         2    ###....
 Sticks to Snakes         Tmut           #.......     65%         2    ###....
 Call Canine Familiar     Summ           #.......     87%         3    ####...
 Ignite Poison            Fire/Tmut/Pois #.......     87%         3    ####...
 Lesser Beckoning         Tloc           #.........   87%         3    ####...
 Mephitic Cloud           Conj/Pois/Air  #.......     87%         3    ####...
 Spider Form              Tmut/Pois      #.........   87%         3    ####...
 Summon Guardian Golem    Hex/Summ       #.......     87%         3    ####...
 Tukima's Dance           Hex            #.......     87%         3    ####...
 Ice Form                 Ice/Tmut       #.......     99%         4    #####..
 Olgreb's Toxic Radiance  Pois           #.......     99%         4    #####..
 Summon Ice Beast         Ice/Summ       #.......     99%         4    #####..
 Summon Lightning Spire   Summ/Air       #.......     99%         4    #####..
 Alistair's Intoxication  Tmut/Pois      #.......     100%        5    ######.
 Blade Hands              Tmut           #.........   100%        5    ######.
 Invisibility             Hex            #.......     100%        6    #######


Dungeon Overview and Level Annotations

Branches:
Dungeon (13/15)            Temple (0/1) D:5            Lair (0/6) D:9
    Orc (0/2) D:11
 Vaults: D:13-14

Altars:
Ashenzari
Cheibriados
Dithmenos
Elyvilon
Fedhas
Gozag
Hepliaklqana
Makhleb
Okawaru
Ru
Trog
Vehumet
Xom
Yredelemnul
The Shining One

Shops:
D:4 ?}   D:6 (   D:8 :   D:10 [:*:   D:12 [%[(

Portals:
Abyss: D:8

Annotations:
D:8 1 runed translucent door, Cykl0x's ghost, journeyman FoFi


Message History

The human hits you but does no damage.
You slice the human!!
You kill the human!
You slash the komodo dragon!
The komodo dragon is moderately wounded.
The komodo dragon bites you!
* * * LOW HITPOINT WARNING * * *
You slash the komodo dragon!
The komodo dragon is heavily wounded.
The komodo dragon barely misses you.
You slice the komodo dragon!!
You kill the komodo dragon!
You slash the human!
The human is heavily wounded.
You slice the human!!
You kill the human!
You slice the human!!
The human is heavily wounded.
The human hits you.
You die...

#.#....##.....# , ,
#.#...#รท......# * ,
,*{#.#..........<# ,
, , ,
{#.......#.....# , *
, #......##.#...# * '
#......####..## , *#
#...#(..#...## * .'.
,' #..##.###.#.# ,
*##'''###@....###.#.#
*
......pp.......#.#.#
......###......#.#.#
..... ........#.#.#
...# .........#.#.# ,
.. * ,..#......#.#.#
, , ., , ,.......#.#
#########.#
*#.........#


You could see 2 humans.

Vanquished Creatures
  Harold (D:8)
  3 vault guards (D:13)
  2 two-headed ogres (D:9)
  3 death yaks (D:9)
  Sonja (D:10)
  2 ugly things
  3 gargoyles
  A komodo dragon (D:13)
  A hornet (D:11)
  2 hippogriffs
  3 wraiths (D:7)
  13 yaks
  A wyvern (D:8)
  7 humans (D:13)
  A warg (D:11)
  A porcupine (D:9)
  6 ice beasts
  3 orc warriors
  5 sky beasts
  A black bear (D:11)
  An eye of draining (D:11)
  A necrophage (D:7)
  10 ogres
  2 centaurs
  2 crocodiles (D:12)
  2 big kobolds
  4 bullfrogs
  A gnoll sergeant (D:9)
  4 scorpions
  5 howler monkeys
  A centaur zombie (D:6)
  3 crimson imps
  3 hounds
  3 human zombies (D:7)
  2 jellies
  4 orc wizards
  Crazy Yiuf (D:3)
  7 orc priests
  4 iguanas
  A bullfrog skeleton (D:7)
  3 centaur skeletons
  A human skeleton (D:7)
  7 worker ants
  A hell rat (D:9)
  A killer bee zombie (D:8)
  An ogre zombie (D:7)
  An ogre skeleton (D:7)
  A hound zombie (D:5)
  2 hound skeletons (D:5)
  2 mummies (D:7)
  2 worker ant zombies
  15 gnolls
  13 adders
  A howler monkey skeleton (D:6)
  A river rat (D:9)
  A hound simulacrum (D:11)
  2 shadow imps
  4 oozes
  An adder zombie (D:5)
  3 worms
  A dart slug (D:1)
  6 leopard geckos
  35 orcs
  2 ball pythons
  11 bats
  9 giant cockroaches
  16 goblins
  7 hobgoblins
  11 jackals
  8 quokkas
  3 frilled lizards
  10 kobolds
  8 rats
311 creatures vanquished.

Vanquished Creatures (others)
  A warg (D:11)
1 creature vanquished.

Grand Total: 312 creatures vanquished

Notes
Turn   | Place    | Note
-------+----------+-------------------------------------------
     0 | D:1      | Clowwww the Hill Orc Fighter began the quest for the Orb.
     0 | D:1      | Reached XP level 1. HP: 19/19 MP: 1/1
     1 | D:1      | Found a runed translucent door.
    13 | D:1      | Reached XP level 2. HP: 14/27 MP: 2/2
    32 | D:1      | Reached XP level 3. HP: 11/33 MP: 3/3
   258 | D:1      | Reached skill level 3 in Axes
  1186 | D:2      | Reached XP level 4. HP: 40/40 MP: 4/4
  1761 | D:3      | Reached skill level 4 in Axes
  2035 | D:3      | Found an opulent altar of Gozag.
  2084 | D:3      | Reached XP level 5. HP: 44/46 MP: 5/5
  2313 | D:3      | Found a runed translucent door.
  2314 | D:3      | Noticed Crazy Yiuf
  2321 | D:3      | Killed Crazy Yiuf
  2480 | D:4      | Noticed an ogre
  2489 | D:4      | Killed an ogre
  2489 | D:4      | Reached skill level 5 in Axes
  2489 | D:4      | Reached XP level 6. HP: 16/52 MP: 6/6
  2988 | D:4      | Found Luem's Magic Scroll Emporium.
  3095 | D:4      | Found a blossoming altar of Fedhas.
  3100 | D:4      | Found Cakhlul's Gadget Emporium.
  3125 | D:4      | Reached skill level 6 in Axes
  3180 | D:4      | Noticed an ice beast
  3201 | D:4      | Killed an ice beast
  3201 | D:4      | Reached skill level 5 in Shields
  3201 | D:4      | Reached XP level 7. HP: 40/59 MP: 7/7
  3384 | D:4      | Reached skill level 1 in Dodging
  3585 | D:4      | Found a shattered altar of Ashenzari.
  3589 | D:4      | Became a worshipper of Ashenzari the Shackled
  3951 | D:4      | Found a bloodstained altar of Trog.
  3969 | D:4      | Reached skill level 5 in Armour
  4173 | D:5      | Entered Level 5 of the Dungeon
  4435 | D:5      | Reached skill level 7 in Axes
  4712 | D:5      | Reached XP level 8. HP: 66/67 MP: 8/8
  4743 | D:5      | Found a staircase to the Ecumenical Temple.
  4866 | D:5      | Reached skill level 5 in Fighting
  4964 | D:5      | Found a glowing golden altar of the Shining One.
  5102 | D:5      | Reached skill level 8 in Axes
  5223 | D:5      | Found a sacrificial altar of Ru.
  5364 | D:6      | Found a white marble altar of Elyvilon.
  6040 | D:6      | Reached skill level 9 in Axes
  6602 | D:6      | Found a snail-covered altar of Cheibriados.
  6684 | D:6      | Found Eruzothu's Weapon Boutique.
  6786 | D:7      | Found a hazy altar of Hepliaklqana.
  6787 | D:7      | Found a shadowy altar of Dithmenos.
  6787 | D:7      | Noticed a shadow
  6818 | D:7      | Reached XP level 9. HP: 52/75 MP: 9/9
  7133 | D:7      | Reached skill level 10 in Axes
  7943 | D:7      | Found a basalt altar of Yredelemnul.
  8191 | D:7      | Reached skill level 11 in Axes
  8634 | D:8      | Found Boniu's Book Shop.
  8768 | D:8      | Found a runed translucent door.
  8854 | D:8      | Found a shimmering altar of Xom.
  8854 | D:8      | Noticed Cykl0x's ghost (journeyman FoFi)
  8854 | D:8      | Noticed a +3 mace of chaos
  8884 | D:8      | Reached XP level 10. HP: 71/84 MP: 10/10
  9101 | D:8      | Noticed Harold
  9126 | D:8      | Reached skill level 1 in Stealth
  9127 | D:8      | Killed Harold
  9127 | D:8      | Reached skill level 12 in Axes
  9393 | D:8      | Found a one-way gate to the infinite horrors of the Abyss.
  9393 | D:8      | Noticed a rust devil
  9394 | D:8      | Noticed a hell beast
  9407 | D:8      | Reached * piety under Ashenzari
  9893 | D:9      | Found a radiant altar of Vehumet.
 10101 | D:9      | Noticed a two-headed ogre
 10114 | D:9      | Killed a two-headed ogre
 10238 | D:9      | Noticed a two-headed ogre
 10240 | D:9      | Noticed a death yak
 10243 | D:9      | Noticed a death yak
 10247 | D:9      | HP: 3/86 [two-headed ogre/+0 giant club (23)]
 10249 | D:9      | Noticed a death yak
 10267 | D:9      | Killed a two-headed ogre
 10704 | D:9      | Found a glowing silver altar of Zin.
 10706 | D:9      | Found a shattered altar of Ashenzari.
 10706 | D:9      | Found a burning altar of Makhleb.
 10708 | D:9      | Found a shimmering altar of Xom.
 10708 | D:9      | Found a shimmering altar of Xom.
 10708 | D:9      | Found an iron altar of Okawaru.
 11026 | D:9      | Reached skill level 13 in Axes
 11179 | D:9      | Found a staircase to the Lair.
 11199 | D:9      | Reached XP level 11. HP: 85/94 MP: 11/11
 11365 | D:9      | Killed a death yak
 11375 | D:9      | Killed a death yak
 11375 | D:9      | Reached skill level 1 in Evocations
 11388 | D:9      | Killed a death yak
 11724 | D:10     | Entered Level 10 of the Dungeon
 11998 | D:10     | Noticed Sonja
 12003 | D:10     | Killed Sonja
 12111 | D:10     | Found Plog's Book Shop.
 12343 | D:10     | Found Wipsich's Antique Armour Emporium.
 12351 | D:10     | Bought an ancient buckler for 256 gold pieces
 12351 | D:10     | Bought a heavily runed ring mail for 243 gold pieces
 12361 | D:10     | Identified the +5 ring mail of Untruth {rC+ rN+ MR+ rCorr}
                  | (You bought it in a shop on level 10 of the Dungeon)
 12371 | D:10     | Identified the +2 buckler of Sin {rElec Str+4} (You bought
                  | it in a shop on level 10 of the Dungeon)
 12608 | D:10     | Found Pus Sun's General Store.
 12622 | D:10     | Found Byerhid's Book Shop.
 12911 | D:11     | Reached skill level 14 in Axes
 13036 | D:11     | Found a staircase to the Orcish Mines.
 13313 | D:11     | Noticed a green ugly thing
 13328 | D:11     | Killed a green ugly thing
 13590 | D:11     | Found a basalt altar of Yredelemnul.
 13843 | D:11     | Reached ** piety under Ashenzari
 14039 | D:12     | Reached skill level 15 in Axes
 14045 | D:12     | Identified a scroll of acquirement
 14045 | D:12     | Acquired 490 gold pieces
 14223 | D:12     | Found Zivviv's Food Shoppe.
 14283 | D:12     | Reached XP level 12. HP: 99/105 MP: 12/12
 14448 | D:12     | Found Woivvouq's Antique Armour Boutique.
 14468 | D:12     | Found Liclenydgha's Weapon Emporium.
 14604 | D:12     | Bought a ration for 65 gold pieces
 14604 | D:12     | Bought a ration for 65 gold pieces
 14604 | D:12     | Bought a ration for 65 gold pieces
 14604 | D:12     | Bought a ration for 65 gold pieces
 14604 | D:12     | Bought a ration for 65 gold pieces
 14604 | D:12     | Bought a ration for 65 gold pieces
 14746 | D:12     | Found Giserpheff's Antique Armour Emporium.
 14856 | D:13     | Noticed a vault guard
 14863 | D:13     | Noticed a vault guard
 14872 | D:13     | Killed a vault guard
 14872 | D:13     | Reached skill level 10 in Fighting
 14881 | D:13     | Noticed a vault guard
 14886 | D:13     | Killed a vault guard
 14916 | D:13     | Killed a vault guard
 14916 | D:13     | Reached skill level 16 in Axes
 14936 | D:13     | HP: 4/107 [komodo dragon (13)]
 14942 | D:13     | Slain by a human

Illustrated notes

Levels and vault maps discovered:
D:1:      dpeg_arrival_caged_fury, layout_basic
D:2:      layout_rooms
D:3:      layout_rooms, lemuel_round_altar, uniq_crazy_yiuf_cottage
D:4:      layout_basic, lemuel_crystal_altar, lemuel_doored_altar,
          fedhas_ov_isle_minmay, serial_shops, nicolae_shop_statue_plus,
          shop_coins, chequers_jeans
D:5:      layout_cave_pools, lemuel_coloured_pillars_altar, tso_altar,
          minmay_temple_entry_arrows, first_ration
D:6:      layout_basic, overflow_temple_1_default, kennysheep_little_box,
          serial_shops, shop
D:7:      layout_loops_corners, riverfiend_overflow_shadow_ancestor,
          lemuel_mausoleum_altar_yredelemnul
D:8:      layout_gridville, serial_shops, shop, ebering_ghost_xom,
          lemuel_hellish_altar, uniq_harold
D:9:      layout_loops_ring, doesnt_xom_only_xom, vehumet_altar_wand_db,
          dpeg_lair_monsters
D:10:     layout_layer_cave, serial_shops, shop, shop_statue, shop,
          nicolae_shop_behind_doors, uniq_sonja
D:11:     layout_roguey, erik_orc_4, basic_altar
D:12:     layout_rooms, serial_shops, nicolae_shop_behind_doors, shop,
          nicolae_shop_crystal, nicolae_shop_window_shopping,
          blue_anna_alchemist [blue_anna_fruit_fields, blue_anna_fruit_fields],
          serial_bayou_pond_a
D:13:     layout_big_octagon, ximxim_vaults_locker_room,
          serial_co_window_serial, co_window_paths_b, co_window_paths_a,
          co_window_corner_a, co_window_corner_a, co_window_corner_a,
          co_window_paths_a, co_window_corner_cb, co_window_unsneaky_path_e,
          co_window_paths_c, co_window_of_opportunity_c, co_window_corner_ca,
          co_window_cross_4, co_window_paths_d, glass_columns_c, glass_columns_a

Skill      XL: |  1  2  3  4  5  6  7  8  9 10 11 12 |
---------------+-------------------------------------+-----
Axes           | 3 4 5 6 7 9 11 13 15 16 | 16.1
Shields        | 4 5 6 7 8 9 |  9.6
Fighting       | 4 5 6 7 9 10 | 10.4
Armour         | 4 5 6 8 9 |  9.9
Dodging        | 1 2 3 4 |  4.3
Stealth        | 1 |  1.7
Evocations     | 1 |  1.2

Action                   |  1- 3 |  4- 6 |  7- 9 | 10-12 || total
-------------------------+-------+-------+-------+-------++-------
Melee: War axe           |    85 |   195 |   519 |   475 ||  1274
Invok: Curse Item        |       |       |       |     1 ||     1
Evoke: Wand              |       |       |       |     8 ||     8
  Use: Scroll            |       |    10 |     1 |    17 ||    28
       Potion            |       |     1 |     2 |     5 ||     8
  Eat: Chunk             |     1 |     6 |     9 |    16 ||    32
       Ration            |       |       |     3 |     1 ||     4
Armor: Scale mail        |    66 |    68 |   185 |    21 ||   340
       Chain mail        |       |       |       |    45 ||    45
       Ring mail         |       |       |       |    63 ||    63
Dodge: Dodged            |    34 |    60 |   111 |   147 ||   352
Block: Kite shield       |    62 |   109 |   222 |    97 ||   490
       Buckler           |       |       |       |    75 ||    75
